 Dungeon Sprint DCSS version 0.30-a0-672-gc3a7216ad8 (webtiles) character file.

Game seed: 16771467531995299088

142 BigDaddyOpFi the Cudgeller (level 5, 0/78 HPs)
             Began as a Minotaur Berserker on Jan 18, 2023.
             Was a Follower of Trog.
             Slain by a snapping turtle (19 damage)
             ... in the Dungeon (Sprint VII: "The Pits").
             The game lasted 00:00:24 (73 turns).

BigDaddyOpFi the Cudgeller (Minotaur Berserker)       Turns: 73, Time: 00:00:25

Health: 0/78       AC:  2    Str: 24    XL:     5   Next: 4%
Magic:  4/4        EV: 13    Int:  4    God:    Trog [*.....]
Gold:   0          SH:  0    Dex:  9    Spells: 4/4 levels left

rFire   . . .      SeeInvis .    a - +0 mace
rCold   . . .      Faith    .    (no shield)
rNeg    . . .      Spirit   .    b - +0 animal skin
rPois   .          Reflect  .    (helmet restricted)
rElec   .          Harm     .    (no cloak)
rCorr   .          Rampage  .    (no gloves)
Will    .....      NoTele   +    (no boots) Stlth
                                 (no amulet)
HPRegen 0.33/turn                (no ring)
MPRegen 0.09/turn                (no ring)

@: berserking (expiring), slowed
A: horns 2, retaliatory headbutt
a: Renounce Religion, Berserk


You were in the Dungeon.
You worshipped Trog.
Trog was aware of your devotion.
You visited 1 branch

Inventory:

Hand Weapons
 a - a +0 mace (weapon)
Armour
 b - a +0 animal skin (worn)
Scrolls
 h - a scroll of blinking
Potions
 c - a potion of curing
 d - a potion of heal wounds
 e - a potion of haste
 f - 2 potions of magic
 g - a potion of berserk rage


   Skills:
 + Level 7.0 Fighting
 + Level 7.0 Maces & Flails
 + Level 6.4 Armour
 + Level 5.9 Dodging


You had 4 spell levels left.
You didn't know any spells.
Your spell library was empty.

Dungeon Overview and Level Annotations

Branches:
Dungeon (1/1)

Altars:
Cheibriados
Dithmenos
Elyvilon
Fedhas
Gozag
Hepliaklqana
Makhleb
Nemelex Xobeh
Okawaru
Qazlal
Ru
Sif Muna
Trog
Wu Jian
Xom
Yredelemnul
Zin
The Shining One
Jiyva


Innate Abilities, Weirdness & Mutations

You have a pair of horns on your head.
You reflexively headbutt those who attack you in melee.


Message History

The snapping turtle hisses angrily.
A red film seems to cover your vision as you go berserk!
You feel yourself moving faster!
You feel mighty!
You hit the wraith but do no damage. You headbutt the wraith!
The wraith is heavily damaged.
You barely miss the wraith.
The wraith is heavily damaged.
The wraith hits you. The wraith drains your vigour!
You feel yourself slow down.
You thump the wraith!
The wraith is almost destroyed.
The wraith barely misses you. You furiously retaliate!
You headbutt the wraith!!
You destroy the wraith!
Trog accepts your kill.
Your Fighting skill gained 3 levels and is now at level 7!
Your Maces & Flails skill gained 3 levels and is now at level 7!
Your Armour skill gained 3 levels and is now at level 6!
Your Dodging skill gained 3 levels and is now at level 5!
You have reached level 2!
You have reached level 3!
Your experience leads to an increase in your attributes!
Increase (S)trength, (I)ntelligence, or (D)exterity?
You feel stronger. x2
You have reached level 4!
You feel stronger.
You have reached level 5!
The snapping turtle bites you.
You hit the snapping turtle but do no damage.
The snapping turtle bites you! The snapping turtle bites you!!
* * * LOW HITPOINT WARNING * * *
You hit the snapping turtle but do no damage.
You headbutt the snapping turtle, but do no damage.
The snapping turtle closely misses you.
You hit the snapping turtle but do no damage.
Your headbutt misses the snapping turtle.
The snapping turtle completely misses you.
You hit the snapping turtle but do no damage.
The snapping turtle bites you!!
You die...

######++##########
.............##..#
...#..#......##..#
.............''..#
.............''..#######
...#..#......##.@t......
.............##.........
'#####++################
....# ....# ....# <...#
....# ....#


You could see a snapping turtle.

Vanquished Creatures
  A wraith (D)
  An adder zombie (D)
2 creatures vanquished.

Notes
Turn   | Place    | Note
-------+----------+-------------------------------------------
     0 | D        | BigDaddyOpFi the Minotaur Berserker began the quest for the
                  | Orb.
     0 | D        | Reached XP level 1. HP: 19/19 MP: 0/0
    22 | D        | Found a bloodstained altar of Trog.
    22 | D        | Found a shimmering blue altar of Sif Muna.
    22 | D        | Found a viscous altar of Jiyva.
    22 | D        | Found a hazy altar of Hepliaklqana.
    22 | D        | Found an opulent altar of Gozag.
    23 | D        | Found a glowing golden altar of the Shining One.
    23 | D        | Found a glowing silver altar of Zin.
    23 | D        | Found a basalt altar of Yredelemnul.
    23 | D        | Found a shimmering altar of Xom.
    23 | D        | Found an ornate altar of the Wu Jian Council.
    23 | D        | Found a sacrificial altar of Ru.
    23 | D        | Found a stormy altar of Qazlal.
    23 | D        | Found an iron altar of Okawaru.
    23 | D        | Found a sparkling altar of Nemelex Xobeh.
    23 | D        | Found a burning altar of Makhleb.
    23 | D        | Found a blossoming altar of Fedhas.
    23 | D        | Found a white marble altar of Elyvilon.
    23 | D        | Found a shadowy altar of Dithmenos.
    23 | D        | Found a snail-covered altar of Cheibriados.
    61 | D        | Noticed a wraith
    62 | D        | Noticed a snapping turtle
    68 | D        | Killed a wraith
    69 | D        | Reached skill level 5 in Dodging
    69 | D        | Reached XP level 2. HP: 34/34 MP: 1/1
    69 | D        | Reached XP level 3. HP: 39/39 MP: 2/2
    69 | D        | Reached XP level 4. HP: 47/47 MP: 3/3
    69 | D        | Reached XP level 5. HP: 52/52 MP: 4/4
    73 | D        | Slain by a snapping turtle

Illustrated notes

Levels and vault maps discovered:
D:        pitsprint [storerooms_1, entrance_room_1, metal_vault_3, armoury_1,
          mini_pit_1, grid_room_1, main_hall_1, silver_pit, the_coven_1,
          the_vestibule_1, steel_vault_1, golden_pit, hallway_of_sentries,
          crystal_vault_4, iron_vault_1, final_vault]

Skill      XL: |  1 |
---------------+----+-----
Fighting       | 7 |  7.0
Maces & Flails | 7 |  7.0
Armour         | 6 |  6.4
Dodging        | 5 |  5.9

Action                   |  1- 3 |  4- 6 || total
-------------------------+-------+-------++-------
Melee: Mace              |     8 |     4 ||    12
       Headbutt          |     2 |     1 ||     3
Invok: Berserk           |     1 |       ||     1
Armor: Animal skin       |     2 |       ||     2
Dodge: Dodged            |     5 |     2 ||     7

Table legend: (Time is in decaauts)
 A = Elapsed time spent in this place.
 B = Non-inter-level travel time spent in this place.
 C = Inter-level travel time spent in this place.
 D = Time resting spent in this place.
 E = Time spent auto-exploring this place.
 F = Levels seen in this place.
 G = Mean time per level.
                   A        B        C        D        E       F      G
               +--------+--------+--------+--------+--------+-----+--------+
         Total |     74 |     74 |      0 |      0 |      0 |   1 |   74.0 |
       Dungeon |     74 |     74 |      0 |      0 |      0 |   1 |   74.0 |
               +--------+--------+--------+--------+--------+-----+--------+

Top non-repeatable levels by time:
       D: 74 daAuts
